 Dungeon Crawl Stone Soup version 0.31.0-11-ge490571c62 (webtiles) character file.

Game seed: 10563709016523261196

143 Killerpretzel the Changeling (level 5, -4/34 HPs)
             Began as an Octopode Shapeshifter on Feb 9, 2024.
             Slain by an iguana (12 damage)
             ... on level 4 of the Dungeon.
             The game lasted 00:08:32 (2867 turns).

Killerpretzel the Changeling (OpSh)                 Turns: 2867, Time: 00:08:32

Health: -4/34      AC:  1    Str: 14    XL:     5   Next: 25%
Magic:  5/5        EV: 13    Int: 12    God:
Gold:   85         SH:  0    Dex: 13    Spells: 4/4 levels left

rFire   . . .        d - +0 short sword
rCold   . . .        (no shield)
rNeg    . . .        (helmet currently unavailable)
rPois   .            e - amulet of regeneration
rElec   .            s - ring of willpower
rCorr   +            r - ring of resist corrosion
SInv    .            (no ring)
Will    +....        (no ring)
Stlth   ++           (no ring)
HPRegen 1.05/turn    (no ring)
MPRegen 0.09/turn    (no ring)
                     (no ring)

%: no passive effects
@: beast-form
A: beast (slay +2), almost no armour, amphibious, 8 rings, camouflage 1,
gelatinous body 1, (nimble swimmer 1), tentacles
a: Begin Untransformation


You were on level 4 of the Dungeon.
You were a hulking beast.
You visited 1 branch of the dungeon, and saw 4 of its levels.

You collected 85 gold pieces.

Inventory:

Hand Weapons
 d - a +0 short sword (weapon)
Jewellery
 e - an amulet of regeneration (around mantle)
 i - a ring of fire
 r - a ring of resist corrosion (right tentacle)
 s - a ring of willpower (left tentacle)
Talismans
 b - a beast talisman
 c - a flux talisman
Scrolls
 g - a scroll of poison {unknown}
 h - a scroll of blinking
 j - 2 scrolls of enchant armour
 k - a scroll of revelation {unknown}
 p - a scroll of fear
Potions
 a - a potion of lignification
 f - 2 potions of curing
 l - a potion of heal wounds
 m - 2 potions of haste
 n - a potion of mutation {unknown}
 o - a potion of cancellation {unknown}
 q - a potion of berserk rage {unknown}
 t - a potion of enlightenment {unknown}
 u - a potion of might {unknown}


   Skills:
 + Level 2.2 Fighting
 + Level 2.9 Dodging
 + Level 3.7 Unarmed Combat
 * Level 4.1 Shapeshifting


You had 4 spell levels left.
You didn't know any spells.
Your spell library was empty.

Dungeon Overview and Level Annotations

Branches:
Dungeon (4/15)
 Temple: D:4-7

Altars:
Sif Muna


Innate Abilities, Weirdness & Mutations

You are a hulking beast.
Your limbs bulge with bestial killing power. (Slay +2)
You cannot wear most types of armour.
You are amphibious.
You can wear up to eight rings at the same time.
Your skin changes colour to match your surroundings (Stealth+).
Your rubbery body absorbs attacks. (AC +1, EV +1)
((You are camouflaged when in or above water. (Stealth+)))
You have tentacles for arms and can constrict up to eight enemies at once.


Message History

No target in view!
t - a fizzy cyan potion No target in view!
u - a glowing orange potion No target in view!
As you open the door, it creaks loudly!
An iguana comes into view.
You hear a shout!
The iguana hisses angrily.
There is an open door here.
An iguana is nearby!
A kobold comes into view. It is wielding a +0 short sword.
The kobold shouts!
There are monsters nearby!
You hit the kobold.
You kill the kobold!
An iguana is nearby!
You hit the iguana but do no damage. Your grab misses the iguana.
The iguana bites you!
An iguana is nearby!
You closely miss the iguana. You grab the iguana. You constrict the iguana.
The iguana bites you.
An iguana is nearby!
You are too injured to fight recklessly!
An iguana is nearby!
You are too injured to fight recklessly!
An iguana is nearby!
You are too injured to fight recklessly!
An iguana is nearby!
You completely miss the iguana.
The iguana is lightly wounded.
You constrict the iguana. The iguana barely misses you.
You hit the iguana.
The iguana is heavily wounded.
You constrict the iguana. The iguana bites you!
* * * LOW HITPOINT WARNING * * *
You hit the iguana.
The iguana is severely wounded.
You constrict the iguana, but do no damage.
The iguana bites you!
You die...

###.###.#
#.###### #.#
#.....## #.#
#...... #.#
#.....# #.#
#####.....# #.#
..........# #.#
#...l..# #.#
#..)h..# #.#
#..#'########.#
### #.
#..........#
#<# #
############
#.# #.# #.# ..#
.##


You could see an iguana.

Vanquished Creatures
  A gnoll (D:2)
  6 adders
  4 dart slugs
  An orc (D:3)
  15 bats
  5 endoplasms
  A giant cockroach (D:1)
  6 goblins
  3 hobgoblins
  5 jackals
  5 kobolds
  5 quokkas
  2 ball pythons
  7 frilled lizards
  5 rats
71 creatures vanquished.

Notes
Turn   | Place    | Note
-------+----------+-------------------------------------------
     0 | D:1      | Killerpretzel the Octopode Shapeshifter began the quest for
                  | the Orb.
     0 | D:1      | Reached XP level 1. HP: 13/13 MP: 1/1
   106 | D:1      | Reached XP level 2. HP: 15/18 MP: 2/2
   303 | D:1      | Found a faded altar of an unknown god.
   510 | D:1      | Reached XP level 3. HP: 23/23 MP: 3/3
  1234 | D:2      | Reached XP level 4. HP: 29/29 MP: 4/4
  1995 | D:3      | Found a shimmering blue altar of Sif Muna.
  2205 | D:3      | Reached skill level 4 in Shapeshifting
  2247 | D:3      | Reached XP level 5. HP: 34/34 MP: 5/5
  2867 | D:4      | Slain by an iguana

Illustrated notes

Levels and vault maps discovered:
D:1:      roderic_crop_circles_arrival_small, layout_loops_cross,
          basic_ecumenical_altar, minmay_tetromino_l4
D:2:      minmay_door_path, layout_basic
D:3:      layout_loops_cross, nicolae_sif_muna_condensation, roderic_batcave,
          grunt_ministairs_11
D:4:      nicolae_cairo_tiling_very_big, layout_basic, uniq_menkaure

Skill      XL: |  1  2  3  4 |
---------------+-------------+-----
Fighting       | 2 |  2.2
Shapeshifting  | 4 |  4.1
Dodging        | |  2.9
Unarmed Combat | |  3.7

Action                     |  1- 3 |  4- 6 || total
---------------------------+-------+-------++-------
  Melee: Unarmed           |    17 |       ||    17
         Constrict         |    17 |    20 ||    37
         Short sword       |    41 |    69 ||   110
         Tentacles         |     8 |    19 ||    27
         Punch             |       |     3 ||     3
    Use: Scroll            |       |     7 ||     7
   Stab: Sleeping          |     8 |     8 ||    16
 Armour: Skin              |    16 |    41 ||    57
  Dodge: Dodged            |    34 |    42 ||    76
